 Dungeon Crawl Stone Soup version 0.26.1-11-gd32895ea62 (webtiles) character file.

Game seed: 1513808704105391589

391 ZARRMARR the Chopper (level 6, -2/56 HPs)
             Began as a Hill Orc Monk on July 25, 2021.
             Was a Believer of Beogh.
             Killed by divine providence
             ... invoked by an orc priest
              (15 damage)
             ... on level 4 of the Dungeon.
             The game lasted 00:35:50 (3399 turns).

ZARRMARR the Chopper (Hill Orc Monk)                Turns: 3399, Time: 00:35:52

Health: -2/56      AC:  3    Str: 16    XL:     6   Next: 80%
Magic:  6/6        EV: 13    Int: 10    God:    Beogh [**....]
Gold:   208        SH:  0    Dex: 13    Spells: 5/5 levels left

rFire    + . .     SeeInvis .   a - +2 mace (drain)
rCold    . . .     Faith    .   (no shield)
rNeg     . . .     Spirit   .   y - +0 robe of the Dolphin {Regen+}
rPois    .         Reflect  .   (no helmet)
rElec    .         Harm     +   q - scarf {harm}
rCorr    .         Rampage  .   (no gloves)
Will     .....                  w - +0 pair of boots (curse)
Stlth    ++........             m - amulet of regeneration
HPRegen  0.98/turn              k - ring of protection from fire
MPRegen  0.10/turn              (no ring)

@: lethally poisoned (-2 -> -2)
A: no striking features
a: Renounce Religion, Smiting


You were on level 4 of the Dungeon.
You worshipped Beogh.
Beogh was pleased with you.
You visited 1 branch of the dungeon, and saw 4 of its levels.

You collected 208 gold pieces.

Inventory:

Hand Weapons
 a - a +2 mace of draining (weapon)
 h - a +0 hand axe
Missiles
 b - 3 boomerangs (quivered)
 d - 64 arrows
 f - 168 stones
 t - 35 bolts
Armour
 e - a +2 ring mail of positive energy
 q - a scarf of harm (worn)
 w - a cursed +0 pair of boots (worn)
 y - the +0 robe of the Dolphin (worn) {Regen+}
   (You found it on level 4 of the Dungeon)

   It increases your rate of regeneration.
Jewellery
 k - a ring of protection from fire (left hand)
 m - an amulet of regeneration (around neck)
Scrolls
 j - a scroll of amnesia
 l - 5 scrolls of teleportation
 o - 2 scrolls of remove curse
 s - a scroll of fear
 u - a scroll of enchant armour
 v - 2 scrolls of random uselessness {unknown}
 A - a scroll of identify
Potions
 c - a potion of might
 g - a potion of attraction {unknown}
 i - 2 potions of mutation {unknown}
 n - 2 potions of brilliance {unknown}
 p - a potion of magic {unknown}
 r - a potion of flight {unknown}
 x - 2 potions of curing {unknown}
 z - 2 potions of degeneration {unknown}


   Skills:
 + Level 5.0 Fighting
 + Level 5.1(5.7) Axes
 + Level 3.1(4.2) Maces & Flails
 + Level 1.9 Throwing
 + Level 2.2 Armour
 + Level 3.1 Dodging
 + Level 2.2 Stealth
 + Level 0.1 Invocations


You had 5 spell levels left.
You didn't know any spells.
Your spell library contained the following spells:

 Spells                   Type           Power        Failure   Level
 Corona                   Hex            0%           36%         1
 Slow                     Hex            0%           50%         2
 Inner Flame              Hex/Fire       0%           75%         3
 Portal Projectile        Hex/Tloc       0%           75%         3
 Cause Fear               Hex            0%           98%         4
 Leda's Liquefaction      Hex/Erth       0%           98%         4


Dungeon Overview and Level Annotations

Branches:
Dungeon (4/15)
 Temple: D:4-7

Altars:
Dithmenos

Shops:
D:4 [


Message History

You closely miss the orc wizard.
The orc wizard is lightly wounded.
The orc wizard misses you. The orc wizard barely misses you.
The orc wizard gestures wildly while chanting.
The orc wizard seems to speed up.
The orc wizard barely misses you.
The orc priest calls down the wrath of Beogh upon you.
Beogh smites you!
The orc wizard hits you with a +0 dagger.
The orc wizard hits you with a +0 dagger of venom.
* * * LOW HITPOINT WARNING * * *
You are poisoned.
The orc wizard hits you with a +0 dagger.
* * * LOW HITPOINT WARNING * * *
You feel sick.
The orc wizard hits you with a +0 dagger.
* * * LOW HITPOINT WARNING * * *
The orc priest invokes the aid of Beogh against you.
Beogh smites you!
You die...
Beogh appreciates the orc priest's killing of a heretic priest.

## #.. # ..###.#. ##
#.....#. #.. ...... #...
...#
.....###†################
)......o......†..........
....oooo@....########....
##.#.#.#####..# #.... ...
#....# #.... ###. #.##.##
#.... #. #.##..# #.... #.
#.###.## #.... #. #.#
#..# #.... ## #.# ##.#
##### .... ...####.#####


You could see an orc priest and 4 orc wizards.

Vanquished Creatures
  An ogre (D:4)
  A scorpion (D:4)
  Natasha (thrice) (D:2)
  2 gnolls (D:3)
  10 adders
  A worm (D:4)
  4 dart slugs
  2 leopard geckos (D:4)
  3 orcs
  A giant cockroach (D:4)
  9 goblins
  4 hobgoblins
  6 jackals (D:4)
  5 quokkas
  5 bats
  4 kobolds (D:2)
  A leopard gecko skeleton (D:4)
  7 rats
  A bush (D:4)
70 creatures vanquished.

Vanquished Creatures (others)
  49 plants (D:3)
49 creatures vanquished.

Grand Total: 119 creatures vanquished

Notes
Turn   | Place    | Note
-------+----------+-------------------------------------------
     0 | D:1      | ZARRMARR the Hill Orc Monk began the quest for the Orb.
     0 | D:1      | Reached XP level 1. HP: 19/19 MP: 1/1
   278 | D:1      | Reached XP level 2. HP: 25/27 MP: 2/2
  1031 | D:2      | Found a shadowy altar of Dithmenos.
  1044 | D:2      | Reached XP level 3. HP: 33/33 MP: 3/3
  1049 | D:2      | Noticed Natasha
  1054 | D:2      | Killed Natasha
  1117 | D:2      | Reached XP level 4. HP: 41/41 MP: 4/4
  1319 | D:2      | Noticed Natasha
  1327 | D:2      | Killed Natasha
  1328 | D:2      | Reached skill level 5 in Axes
  1328 | D:2      | Reached skill level 1 in Maces & Flails
  1656 | D:2      | Noticed Natasha
  1665 | D:2      | Killed Natasha
  1666 | D:2      | Reached skill level 1 in Armour
  1666 | D:2      | Reached XP level 5. HP: 43/47 MP: 5/5
  2610 | D:3      | Became a worshipper of Beogh the Brigand
  2610 | D:3      | Reached * piety under Beogh
  2610 | D:3      | Reached ** piety under Beogh
  2821 | D:4      | Reached skill level 1 in Throwing
  2821 | D:4      | Reached XP level 6. HP: 51/55 MP: 2/6
  2879 | D:4      | Reached skill level 5 in Fighting
  2888 | D:4      | Found Ediriul's Armour Shoppe.
  2961 | D:4      | Got an ominously black robe
  2972 | D:4      | Identified the +0 robe of the Dolphin {Regen+} (You found
                  | it on level 4 of the Dungeon)
  3399 | D:4      | Killed from afar by an orc priest

Illustrated notes

Levels and vault maps discovered:
D:1:      grunt_arrival_lava_bath, layout_loops_cross, nrook_mini_vaults,
          minmay_tree_intersection, minmay_pentomino_q4
D:2:      layout_basic, nicolae_dithmenos_shadow_blocks, uniq_natasha
D:3:      wad_woods_tower, layout_basic, minmay_goblin_outpost
D:4:      layout_basic, serial_shops, shop_fountains, minmay_hedge_maze,
          abandoned_shop

Skill      XL: |  1  2  3  4  5  6 |
---------------+-------------------+-----
Fighting       | 4 5 |  5.0
Axes           | 5 |  5.1
Maces & Flails | 1 2 3 |  3.1
Armour         | 1 2 |  2.2
Stealth        | 2 |  2.2
Dodging        | 3 |  3.1
Throwing       | 1 |  1.9
Invocations    | |  0.1

Action                   |  1- 3 |  4- 6 || total
-------------------------+-------+-------++-------
Melee: Hand axe          |    20 |       ||    20
       Mace              |    16 |   194 ||   210
Throw: Stone             |     2 |    12 ||    14
       Boomerang         |       |    66 ||    66
Invok: Smiting           |       |     1 ||     1
       Convert to Beogh  |       |     1 ||     1
  Use: Scroll            |     6 |     2 ||     8
 Stab: Sleeping          |       |     2 ||     2
Armor: Ring mail         |    18 |    47 ||    65
       Robe              |       |     6 ||     6
Dodge: Dodged            |    27 |    79 ||   106
